 Dungeon Crawl Stone Soup version 0.27.1-34-g3ba077fa99 (webtiles) character file.

Game seed: 15919196066539412063

120 Orthodox the Firebug (level 4, -11/24 HPs)
             Began as a Deep Elf Fire Elementalist on Jan 21, 2022.
             Mangled by an orc warrior (14 damage)
             ... on level 3 of the Dungeon.
             The game lasted 00:09:36 (3644 turns).

Orthodox the Firebug (Deep Elf Fire Elementalist)   Turns: 3644, Time: 00:09:36

Health: -11/24     AC:  2    Str:  5    XL:     4   Next: 75%
Magic:  6/12       EV: 12    Int: 21    God:
Gold:   128        SH:  0    Dex: 15    Spells: 10/11 levels left

rFire    . . .     SeeInvis .   (no weapon)
rCold    . . .     Faith    .   (no shield)
rNeg     . . .     Spirit   .   a - +0 robe
rPois    +         Reflect  .   (no helmet)
rElec    .         Harm     .   (no cloak)
rCorr    .         Rampage  .   (no gloves)
Will     .....                  (no boots)
Stlth    ++........             (no amulet)
HPRegen  0.08/turn              b - ring of poison resistance
MPRegen  0.13/turn              (no ring)

@: no status effects
A: no striking features
a: no special abilities


You were on level 3 of the Dungeon.
You visited 1 branch of the dungeon, and saw 3 of its levels.

You collected 128 gold pieces.

Inventory:

Armour
 a - a +0 robe (worn)
Jewellery
 b - a ring of poison resistance (left hand)
Scrolls
 c - a scroll of teleportation {unknown}
 e - a scroll of brand weapon {unknown}
 f - 2 scrolls of noise {unknown}
Potions
 d - a potion of invisibility {unknown}


   Skills:
 - Level 2.4 Dodging
 - Level 2.4 Stealth
 + Level 4.1 Spellcasting
 * Level 3.2 Conjurations
 * Level 4.6 Fire Magic


You had 10 spell levels left.
You knew the following spells:

 Your Spells              Type           Power      Damage    Failure   Level
a - Foxfire               Conj/Fire      80%        2x1d8     2%          1

Your spell library contained the following spells:

 Spells                   Type           Power      Damage    Failure   Level
 Conjure Flame            Conj/Fire      20%        6-21      7%          3
 Inner Flame              Hex/Fire       13%        N/A       14%         3
 Sticky Flame             Conj/Fire      20%        2d4       24%         4
 Fireball                 Conj/Fire      10%        3d6       54%         5


Dungeon Overview and Level Annotations

Branches:
Dungeon (3/15)

Altars:
Hepliaklqana

Shops:
D:1 !


Message History

Casting: Foxfire (safe; 2% risk of failure)
Confirm with . or Enter, or press ? or * to list all spells.
You conjure some foxfire!
The foxfire hits the orc warrior but does no damage. x2
Casting: Foxfire (safe; 2% risk of failure)
Confirm with . or Enter, or press ? or * to list all spells.
You conjure some foxfire!
The foxfire hits the orc warrior but does no damage.
The foxfire hits the orc warrior.
The orc warrior is lightly wounded.
Casting: Foxfire (safe; 2% risk of failure)
Confirm with . or Enter, or press ? or * to list all spells.
You conjure some foxfire!
The foxfire hits the orc warrior.
The orc warrior is moderately wounded.
The foxfire hits the orc warrior but does no damage.
The orc warrior is moderately wounded.
Casting: Foxfire (safe; 2% risk of failure)
Confirm with . or Enter, or press ? or * to list all spells.
You conjure some foxfire!
The foxfire hits the orc warrior but does no damage.
The orc warrior is moderately wounded.
The foxfire hits the orc warrior but does no damage.
The orc warrior is moderately wounded.
Casting: Foxfire (safe; 2% risk of failure)
Confirm with . or Enter, or press ? or * to list all spells.
You conjure some foxfire!
The foxfire hits the orc warrior but does no damage.
The orc warrior is moderately wounded.
The foxfire hits the orc warrior but does no damage.
The orc warrior is moderately wounded.
The orc warrior hits you from afar with a +0 halberd!!
Ouch! That really hurt!
* * * LOW HITPOINT WARNING * * *
The foxfire hits the orc warrior.
The orc warrior is moderately wounded.
The foxfire hits the orc warrior but does no damage.
The orc warrior is moderately wounded.
The orc warrior hits you from afar with a +0 halberd!
Ouch! That really hurt!
You die...

#.# ...##>#### #? ... #.##....#
#. ### ## #.# #...#...####.##..
.####.# #....†..#.....)o.
....#.####### #...>...#.###.#..
..#.#....#.. #.......# ...#..
..#...#.##.### #o......#.....#..
#)#.###..#.#.####[§.....#########
#.............#.@.§###### .....
###...........#.##.# #####
########.###.[...#.# >. .
.......#.#.##..#.#.. .##
.#####.#.#.......#### ..
.......#.<[####### #.
....[####### #.#####< ##...#
######### #.......
....^###.......# #######o


You could see an orc warrior.

Vanquished Creatures
  Jessica (D:3)
  An adder (D:2)
  4 dart slugs
  5 orcs (D:3)
  6 endoplasms
  4 giant cockroaches
  5 goblins
  7 hobgoblins
  5 jackals (D:1)
  5 kobolds
  3 quokkas
  7 ball pythons
  3 bats
  2 frilled lizards (D:1)
  7 rats
65 creatures vanquished.

Vanquished Creatures (others)
  182 foxfires
182 creatures vanquished.

Grand Total: 247 creatures vanquished

Notes
Turn   | Place    | Note
-------+----------+-------------------------------------------
     0 | D:1      | Orthodox the Deep Elf Fire Elementalist began the quest for
                  | the Orb.
     0 | D:1      | Reached XP level 1. HP: 10/10 MP: 6/6
   542 | D:1      | Reached XP level 2. HP: 13/15 MP: 5/8
  1016 | D:1      | Found a faded altar of an unknown god.
  1193 | D:1      | Found Ekhaw's Distillery.
  1259 | D:1      | Reached XP level 3. HP: 17/19 MP: 7/9
  2441 | D:2      | Reached XP level 4. HP: 24/24 MP: 9/11
  2523 | D:2      | Found a hazy altar of Hepliaklqana.
  2765 | D:3      | Noticed Jessica
  2782 | D:3      | Killed Jessica
  3178 | D:3      | Noticed an orc warrior
  3644 | D:3      | Mangled by an orc warrior

Illustrated notes

Levels and vault maps discovered:
D:1:      scummos_arrival_hexagon, layout_basic, serial_shops,
          nicolae_lakefront_shop, hellmonk_ecumenical_altar_dog_temple,
          hangedman_decor_points
D:2:      layout_loops_ring, basic_altar, chequers_mini_garden,
          grunt_ministairs_15
D:3:      layout_basic, uniq_jessica, uniq_robin

Skill      XL: |  1  2  3  4 |
---------------+-------------+-----
Conjurations   | 2 3 |  3.2
Fire Magic     | 4 |  4.6
Spellcasting   | 4 |  4.1
Dodging        | |  2.4
Stealth        | |  2.4

Action                   |  1- 3 |  4- 6 || total
-------------------------+-------+-------++-------
Melee: Unarmed           |     2 |     1 ||     3
 Cast: Foxfire           |    77 |    42 ||   119
Armor: Robe              |     4 |     1 ||     5
Dodge: Dodged            |    21 |     8 ||    29
